 Dungeon Crawl Stone Soup version 0.27.0-66-gdc8fb28755 (webtiles) character file.

Game seed: 11088198810632940903

174 loansindi the Cudgeller (level 5, -1/53 HPs)
             Began as a Troll Berserker on Aug 19, 2021.
             Was a Believer of Trog.
             Slain by Sigmund (5 damage)
             ... on level 3 of the Dungeon.
             The game lasted 00:04:51 (1832 turns).

loansindi the Cudgeller (Troll Berserker)           Turns: 1832, Time: 00:04:52

Health: -1/53      AC:  4    Str: 25    XL:     5   Next: 28%
Magic:  4/4        EV: 10    Int:  3    God:    Trog [**....]
Gold:   59         SH:  0    Dex: 10    Spells: 4/4 levels left

rFire    . . .     SeeInvis .   c - +3 whip
rCold    . . .     Faith    .   (no shield)
rNeg     . . .     Spirit   .   b - +0 animal skin
rPois    .         Reflect  .   (helmet restricted)
rElec    .         Harm     .   (no cloak)
rCorr    .         Rampage  .   (gloves unavailable)
Will     .....                  (boots unavailable)
Stlth    +.........             (no amulet)
HPRegen  1.17/turn              (no ring)
MPRegen  0.09/turn              (no ring)

@: no status effects
A: large, unfitting armour, claws 3, regeneration 1, shaggy fur 1, tough skin 1
a: Renounce Religion, Berserk, Trog's Hand


You were on level 3 of the Dungeon.
You worshipped Trog.
Trog was pleased with you.
You visited 1 branch of the dungeon, and saw 3 of its levels.

You collected 59 gold pieces.

Inventory:

Hand Weapons
 a - a +0 mace
 c - a +3 whip (weapon)
 g - a +1 short sword of speed
Missiles
 i - 2 silver javelins (quivered)
Armour
 b - a +0 animal skin (worn)
 e - a +0 pair of gloves
Magical Staves
 r - a staff of air
Jewellery
 f - an amulet of magic regeneration
Scrolls
 h - a scroll of fog {unknown}
 k - 3 scrolls of identify {unknown}
 m - a scroll of magic mapping {unknown}
 o - 3 scrolls of teleportation {unknown}
 p - a scroll of acquirement {unknown}
 q - a scroll of fear {unknown}
Potions
 d - 2 potions of heal wounds {unknown}
 j - a potion of might {unknown}
 l - 3 potions of flight {unknown}
 n - a potion of mutation {unknown}


   Skills:
 + Level 3.0 Fighting
 + Level 3.7 Maces & Flails
 + Level 1.8 Throwing
 + Level 3.2 Dodging
 + Level 0.5 Stealth


You had 4 spell levels left.
You didn't know any spells.
Your spell library contained the following spells:

 Spells                   Type           Power      Damage    Failure   Level
 Ozocubu's Armour         Ice            0%         N/A       88%         3
 Metabolic Englaciation   Hex/Ice        0%         N/A       100%        5
 Simulacrum               Ice/Necr       0%         N/A       100%        6


Dungeon Overview and Level Annotations

Branches:
Dungeon (3/15)

Altars:

Annotations:
D:3 Sigmund


Innate Abilities, Weirdness & Mutations

You are too large for most types of armour.
You have claws for hands.
Your natural rate of healing is unusually fast.
You are covered in fur. (AC +1)
You have tough skin. (AC +1)


Message History

You throw a silver javelin.
Sigmund gestures wildly while chanting.
Sigmund flickers and vanishes!
Deactivating autopickup; reactivate with Ctrl-A.
You feel less confused.
You barely miss the orc. The orc hits you with a +0 mace.
You hit the orc.
The orc is lightly wounded.
Something hits you! The orc hits you but does no damage.
You closely miss the orc.
The orc is lightly wounded.
You hit the orc.
You kill the orc!
Trog accepts your kill. Something hits you.
You closely miss the kobold. Something hits you!
The kobold hits you with a +0 short sword.
You whack the kobold!
You kill the kobold!
Trog accepts your kill. Something hits you.
You closely miss the giant cockroach. Something hits you.
The giant cockroach bites you but does no damage.
You whack the giant cockroach!
You kill the giant cockroach!
Trog accepts your kill. Something hits you.
You are too injured to fight recklessly!
Something hits you!
* * * LOW HITPOINT WARNING * * *
You closely miss something. Something hits you.
* * * LOW HITPOINT WARNING * * *
You miss something. Something hits you!
* * * LOW HITPOINT WARNING * * *
You hit something but do no damage. Something hits you.
* * * LOW HITPOINT WARNING * * *
You hit something. Something hits you.
* * * LOW HITPOINT WARNING * * *
You whack something! Something hits you.
You die...

....... ## .......
#. ....... #.#
....... ... B......
#.# ...!..>
#.#####.......
#...@{(.#.
####..###........
#.......#........
#.##..#..........
#.##....#........
#.###.#.#.#.....#
########
#.###.....##.(.(.
.......###.......###
#.### ##
####.........#####
#.# #.


There were no monsters in sight!

Vanquished Creatures
  A black bear (D:3)
  2 adders
  6 dart slugs
  An orc (D:3)
  8 endoplasms
  A giant cockroach (D:3)
  3 goblins
  3 hobgoblins
  5 quokkas
  2 ball pythons
  7 bats
  2 frilled lizards
  10 kobolds
  2 rats (D:1)
53 creatures vanquished.

Notes
Turn   | Place    | Note
-------+----------+-------------------------------------------
     0 | D:1      | loansindi the Troll Berserker began the quest for the Orb.
     0 | D:1      | Reached XP level 1. HP: 22/22 MP: 0/0
    86 | D:1      | Reached XP level 2. HP: 26/29 MP: 1/1
   420 | D:1      | Reached ** piety under Trog
   429 | D:1      | Reached XP level 3. HP: 36/36 MP: 2/2
  1026 | D:2      | Found a faded altar of an unknown god.
  1465 | D:3      | Noticed a black bear
  1474 | D:3      | Killed a black bear
  1475 | D:3      | Reached skill level 1 in Throwing
  1475 | D:3      | Reached XP level 4. HP: 28/45 MP: 3/3
  1475 | D:3      | Reached XP level 5. HP: 33/53 MP: 4/4
  1812 | D:3      | Noticed Sigmund
  1832 | D:3      | Slain by Sigmund

Illustrated notes

Levels and vault maps discovered:
D:1:      grunt_arrival_crossed_arrows, layout_rooms,
          chequers_serial_rivers_marsh, grunt_decor_clamped,
          grunt_decor_arrowhead, serial_bayou_crossing
D:2:      minmay_skewed_foursquare, layout_basic,
          dreamdust_ecumenical_altar_grove
D:3:      layout_loops_cross, nemelex_xobeh_ov_fountains_minmay, uniq_sigmund

Skill      XL: |  1  2  3 |
---------------+----------+-----
Maces & Flails | 3 |  3.7
Dodging        | 3 |  3.2
Fighting       | 3 |  3.0
Throwing       | 1 |  1.8
Stealth        | |  0.5

Action                   |  1- 3 |  4- 6 || total
-------------------------+-------+-------++-------
Melee: Whip              |    88 |    13 ||   101
Throw: Javelin           |    38 |    12 ||    50
Armor: Animal skin       |    36 |     3 ||    39
Dodge: Dodged            |    59 |     1 ||    60
